| TOP OF THE 1ST |
|
West Virginia Power batting - Pitching for Fort Wayne TinCaps : RHP Tony Black
|
|
Pitching: RHP Tony Black
|
|
|
Batting: LHB Joe Hoover
|
0-0: SINGLE (Groundball, 4MD, EV 99.4 MPH)
|
|
Batting: RHB Jordan Robinson
|
0-0: Ball Joe Hoover is caught stealing 2nd base 2-4 1-0: Called Strike 1-1: Foul Ball, location: 2F 1-2: Foul Ball, location: 2F 1-2: Strikes out swinging
|
|
Batting: RHB Mike Velazquez
|
0-0: Foul Ball, location: 2F 0-1: Ball 1-1: Ball 2-1: Ball 3-1: Base on Balls
|
|
Batting: RHB Zach Chmieleski
|
0-0: Swinging Strike 0-1: Ball 1-1: Swinging Strike 1-2: Strikes out looking
|
| Top of the 1st over - 0 runs, 1 hit, 0 errors, 1 left on base; West Virginia 0 - Fort Wayne 0 |
| BOTTOM OF THE 1ST |
|
Fort Wayne TinCaps batting - Pitching for West Virginia Power : LHP Jim Turan
|
|
Pitching: LHP Jim Turan
|
|
|
Batting: RHB Dave McBain
|
0-0: Ball 1-0: Swinging Strike 1-1: Ground out 4-3 (Groundball, 4, EV 91.9 MPH)
|
|
Batting: RHB Eric McMillian
|
0-0: Called Strike 0-1: Swinging Strike 0-2: Foul Ball, location: 2F 0-2: Ball 1-2: Strikes out swinging
|
|
Batting: SHB Blake Abbott
|
0-0: Ball 1-0: Called Strike 1-1: Ball 2-1: Foul Ball, location: 2F 2-2: Ball 3-2: Base on Balls
|
|
Batting: RHB Ryan Marler
|
0-0: Hit by Pitch Blake Abbott to second
|
|
Batting: RHB Tim Seggerman
|
0-0: Ball 1-0: Ball 2-0: Ball 3-0: Base on Balls Blake Abbott to third Ryan Marler to second
|
|
Batting: LHB Rogelio Nunez
|
0-0: Called Strike 0-1: SINGLE (Line Drive, 6MD, EV 101.2 MPH) Blake Abbott scores Ryan Marler to third Tim Seggerman to second Runner from 3rd tries for Home, SAFE, throw by CF to home
|
|
Batting: RHB Jerry Garcez
|
0-0: Ball 1-0: Foul Ball, location: 2F 1-1: Foul Ball, location: 2F 1-2: Hit by Pitch Tim Seggerman to third Rogelio Nunez to second
|
|
Batting: RHB Brett Steele
|
0-0: Ball 1-0: Swinging Strike 1-1: Ball 2-1: Foul Ball, location: 2F 2-2: Ground out 5-3 (Groundball, 56S, EV 88.8 MPH)
|
| Bottom of the 1st over - 2 runs, 1 hit, 0 errors, 3 left on base; West Virginia 0 - Fort Wayne 2 |
| TOP OF THE 2ND |
|
West Virginia Power batting - Pitching for Fort Wayne TinCaps : RHP Tony Black
|
|
Batting: RHB Freddy Quintero
|
0-0: Ball 1-0: Called Strike 1-1: Ball 2-1: Swinging Strike 2-2: Foul Ball, location: 2F 2-2: Ball 3-2: Strikes out swinging
|
|
Batting: SHB Mike Corley
|
0-0: Ball 1-0: Ball 2-0: Called Strike 2-1: Ball 3-1: Base on Balls
|
|
Batting: RHB Richard Barrios
|
0-0: Called Strike 0-1: Ball 1-1: Grounds into double play, 6-4-3 (Groundball, 6, EV 86.9 MPH)
|
| Top of the 2nd over - 0 runs, 0 hits, 0 errors, 0 left on base; West Virginia 0 - Fort Wayne 2 |
| BOTTOM OF THE 2ND |
|
Fort Wayne TinCaps batting - Pitching for West Virginia Power : LHP Jim Turan
|
|
Batting: LHB Jeff Trapp
|
0-0: Ball 1-0: Swinging Strike 1-1: Ball 2-1: Foul Ball, location: 2F 2-2: Strikes out looking
|
|
Batting: RHB Dave McBain
|
0-0: Ball 1-0: Ball 2-0: Fly out, F5 (Line Drive, 5L, EV 60.6 MPH)
|
|
Batting: RHB Eric McMillian
|
0-0: Ball 1-0: Ball 2-0: Called Strike 2-1: Ball 3-1: Foul Ball, location: 2F 3-2: Base on Balls
|
|
Batting: SHB Blake Abbott
|
0-0: Called Strike 0-1: Foul Ball, location: 2F 0-2: Strikes out swinging
|
| Bottom of the 2nd over - 0 runs, 0 hits, 0 errors, 1 left on base; West Virginia 0 - Fort Wayne 2 |
| TOP OF THE 3RD |
|
West Virginia Power batting - Pitching for Fort Wayne TinCaps : RHP Tony Black
|
|
Batting: LHB Brandon Sarni
|
0-0: Ball 1-0: Swinging Strike 1-1: DOUBLE (Line Drive, 9LM, EV 112.5 MPH)
|
|
Batting: RHB Ted Goldblatt
|
0-0: Called Strike 0-1: Foul Ball, location: 2F 0-2: Strikes out swinging
|
|
Batting: LHB Joe Hoover
|
0-0: Ball 1-0: Called Strike 1-1: Foul Ball, location: 2F 1-2: Strikes out swinging
|
|
Batting: RHB Jordan Robinson
|
0-0: Ball 1-0: Ball 2-0: Called Strike 2-1: Fly out, F9 (Line Drive, 9LM, EV 90.6 MPH)
|
| Top of the 3rd over - 0 runs, 1 hit, 0 errors, 1 left on base; West Virginia 0 - Fort Wayne 2 |
| BOTTOM OF THE 3RD |
|
Fort Wayne TinCaps batting - Pitching for West Virginia Power : LHP Jim Turan
|
|
Batting: RHB Ryan Marler
|
0-0: Ball 1-0: Ball 2-0: Ball 3-0: Base on Balls
|
|
Batting: RHB Tim Seggerman
|
0-0: Ball 1-0: Ball 2-0: Ball 3-0: Base on Balls Ryan Marler to second
|
|
Batting: LHB Rogelio Nunez
|
0-0: Ball 1-0: Swinging Strike 1-1: Foul Ball, location: 2F 1-2: Fielders Choice at 2nd, 3-6 (Groundball, 34, EV 106.2 MPH) Ryan Marler to third
|
|
Batting: RHB Jerry Garcez
|
0-0: Ball 1-0: Ball 2-0: Called Strike 2-1: Swinging Strike 2-2: Fly out, F7 (Flyball, 7, EV 83.8 MPH) Runner from 3rd tags up, OUT at HOME! 7-2
|
| Bottom of the 3rd over - 0 runs, 0 hits, 0 errors, 1 left on base; West Virginia 0 - Fort Wayne 2 |
| TOP OF THE 4TH |
|
West Virginia Power batting - Pitching for Fort Wayne TinCaps : RHP Tony Black
|
|
Batting: RHB Mike Velazquez
|
0-0: Hit by Pitch
|
|
Batting: RHB Zach Chmieleski
|
0-0: Foul Ball, location: 2F 0-1: Foul Ball, location: 2F 0-2: Strikes out looking
|
|
Batting: RHB Freddy Quintero
|
0-0: Ball 1-0: SINGLE (Groundball, 6D, EV 95.0 MPH) Mike Velazquez to second
|
|
Batting: SHB Mike Corley
|
0-0: Foul Ball, location: 2F 0-1: Foul Ball, location: 2F 0-2: Ball 1-2: Strikes out swinging
|
|
Batting: RHB Richard Barrios
|
0-0: Ball 1-0: Ball 2-0: Ball 3-0: Called Strike 3-1: Base on Balls Mike Velazquez to third Freddy Quintero to second
|
|
Batting: LHB Brandon Sarni
|
0-0: Ball 1-0: Swinging Strike 1-1: Swinging Strike 1-2: Foul Ball, location: 2F 1-2: Ball 2-2: Strikes out swinging
|
| Top of the 4th over - 0 runs, 1 hit, 0 errors, 3 left on base; West Virginia 0 - Fort Wayne 2 |
| BOTTOM OF THE 4TH |
|
Fort Wayne TinCaps batting - Pitching for West Virginia Power : LHP Jim Turan
|
|
Batting: RHB Brett Steele
|
0-0: Called Strike 0-1: Ball 1-1: Ground out 6-3 (Groundball, 56, EV 98.8 MPH)
|
|
Batting: LHB Jeff Trapp
|
0-0: Called Strike 0-1: Fly out, F7 (Flyball, 78M, EV 71.2 MPH)
|
|
Batting: RHB Dave McBain
|
0-0: Foul Ball, location: 2F 0-1: Foul Ball, location: 2F 0-2: Ball 1-2: Foul Ball, location: 2F 1-2: Ball 2-2: Ball 3-2: Foul Ball, location: 2F 3-2: Strikes out swinging
|
| Bottom of the 4th over - 0 runs, 0 hits, 0 errors, 0 left on base; West Virginia 0 - Fort Wayne 2 |
| TOP OF THE 5TH |
|
West Virginia Power batting - Pitching for Fort Wayne TinCaps : RHP Tony Black
|
|
Batting: RHB Ted Goldblatt
|
0-0: Swinging Strike 0-1: Ball 1-1: Foul Ball, location: 2F 1-2: Ball 2-2: Ball 3-2: Strikes out swinging
|
|
Batting: LHB Joe Hoover
|
0-0: Called Strike 0-1: Swinging Strike 0-2: Ball 1-2: Ball 2-2: Foul Ball, location: 2F 2-2: Ball 3-2: DOUBLE (Flyball, 78D, EV 93.8 MPH)
|
|
Batting: RHB Jordan Robinson
|
0-0: Ball 1-0: Ball 2-0: Ball 3-0: Base on Balls
|
|
Pitching: RHP Sal Contreras
|
|
|
Batting: RHB Mike Velazquez
|
0-0: Called Strike Joe Hoover steals 3rd base Jordan Robinson to second 0-1: Ball 1-1: Swinging Strike 1-2: Fly out, F7 (Flyball, 7LM, EV 103.1 MPH) Runner from 3rd tags up, SCORES, throw by LF Jordan Robinson to third
|
|
Batting: RHB Zach Chmieleski
|
0-0: Called Strike 0-1: Ball 1-1: Swinging Strike 1-2: Ball 2-2: Strikes out swinging
|
| Top of the 5th over - 1 run, 1 hit, 0 errors, 1 left on base; West Virginia 1 - Fort Wayne 2 |
| BOTTOM OF THE 5TH |
|
Fort Wayne TinCaps batting - Pitching for West Virginia Power : LHP Jim Turan
|
|
Batting: RHB Eric McMillian
|
0-0: Ball 1-0: Called Strike 1-1: Called Strike 1-2: Ball 2-2: Ball 3-2: Base on Balls
|
|
Batting: SHB Blake Abbott
|
0-0: DOUBLE (Flyball, 8LXD, EV 114.4 MPH) Eric McMillian to third
|
|
Batting: RHB Ryan Marler
|
0-0: Ball 1-0: Fly out, F7 (Flyball, 78D, EV 93.1 MPH)
|
|
Batting: RHB Tim Seggerman
|
0-0: Ball 1-0: Foul Ball, location: 2F 1-1: Ball 2-1: Foul Ball, location: 2F 2-2: Strikes out swinging
|
|
Batting: LHB Rogelio Nunez
|
0-0: Foul Ball, location: 2F 0-1: SINGLE (Groundball, 34S, EV 62.5 MPH) (infield hit) Eric McMillian scores Blake Abbott to third
|
|
Batting: RHB Jerry Garcez
|
0-0: Foul Ball, location: 2F 0-1: Ball 1-1: Fielders Choice at 2nd, 5-4 (Groundball, 56, EV 81.2 MPH)
|
| Bottom of the 5th over - 1 run, 2 hits, 0 errors, 2 left on base; West Virginia 1 - Fort Wayne 3 |
| TOP OF THE 6TH |
|
West Virginia Power batting - Pitching for Fort Wayne TinCaps : RHP Sal Contreras
|
|
Batting: RHB Freddy Quintero
|
0-0: Ball 1-0: Foul Ball, location: 2F 1-1: Foul Ball, location: 2F 1-2: Foul Ball, location: 2F 1-2: Foul Ball, location: 2F 1-2: Foul Ball, location: 2F 1-2: Ground out 6-3 (Groundball, 6, EV 88.1 MPH)
|
|
Batting: SHB Mike Corley
|
0-0: Ball 1-0: Ball 2-0: SINGLE (Groundball, 34S, EV 99.4 MPH)
|
|
Batting: RHB Richard Barrios
|
0-0: Ball Mike Corley steals 2nd, throwing error, E2 Mike Corley to third 1-0: Swinging Strike 1-1: Foul Ball, location: 2F 1-2: Ball 2-2: Strikes out looking
|
|
Batting: LHB Brandon Sarni
|
0-0: Ball 1-0: Ball 2-0: Called Strike 2-1: Ball 3-1: Base on Balls
|
|
Batting: RHB Ted Goldblatt
|
0-0: Called Strike 0-1: Foul Ball, location: 2F 0-2: Foul Ball, location: 2F 0-2: Ground out U3 (Groundball, 3, EV 88.8 MPH)
|
| Top of the 6th over - 0 runs, 1 hit, 1 error, 2 left on base; West Virginia 1 - Fort Wayne 3 |
| BOTTOM OF THE 6TH |
|
Fort Wayne TinCaps batting - Pitching for West Virginia Power : LHP Jim Turan
|
|
Batting: RHB Brett Steele
|
0-0: Ball 1-0: Ball 2-0: Foul Ball, location: 2F 2-1: Swinging Strike 2-2: Ball 3-2: Foul Ball, location: 2F 3-2: Foul Ball, location: 2F 3-2: Base on Balls
|
|
Pitching: RHP Justin Smart
|
|
|
Batting: LHB Jeff Trapp
|
0-0: Ball 1-0: Ball 2-0: Called Strike 2-1: Fielders Choice at 2nd, 6-4 (Groundball, 6, EV 96.9 MPH)
|
|
Batting: RHB Dave McBain
|
0-0: Ball Jeff Trapp steals 2nd base (no throw) 1-0: Ball 2-0: Ball Passed Ball! Jeff Trapp to third 3-0: Called Strike 3-1: Called Strike 3-2: Foul Ball, location: 2F 3-2: SINGLE (Groundball, 4MD, EV 94.4 MPH) Jeff Trapp scores
|
|
Batting: RHB Eric McMillian
|
0-0: Ball Dave McBain steals 2nd base 1-0: Ball 2-0: Ball 3-0: Called Strike 3-1: Called Strike 3-2: Ground out 6-3 (Groundball, 6M, EV 101.2 MPH) Dave McBain to third
|
|
Batting: SHB Blake Abbott
|
0-0: Ball 1-0: Ball 2-0: Called Strike 2-1: Fly out, F7 (Flyball, 78M, EV 93.8 MPH)
|
| Bottom of the 6th over - 1 run, 1 hit, 0 errors, 1 left on base; West Virginia 1 - Fort Wayne 4 |
| TOP OF THE 7TH |
|
West Virginia Power batting - Pitching for Fort Wayne TinCaps : RHP Sal Contreras
|
|
Pitching: RHP Eric Fragoso
|
|
|
Now at C: Hugo MacBeth
|
|
|
Now at 1B: Tim Seggerman
|
|
|
Now at 3B: Brett Steele
|
|
|
Batting: LHB Joe Hoover
|
0-0: Called Strike 0-1: Swinging Strike 0-2: Strikes out swinging
|
|
Batting: RHB Jordan Robinson
|
0-0: Called Strike 0-1: Foul Ball, location: 2F 0-2: Foul Ball, location: 2F 0-2: Ball 1-2: DOUBLE (Groundball, 5L, EV 98.1 MPH)
|
|
Batting: RHB Mike Velazquez
|
0-0: Called Strike 0-1: Called Strike 0-2: Ball 1-2: Ball 2-2: Ball 3-2: Strikes out looking
|
|
Batting: RHB Zach Chmieleski
|
0-0: Called Strike 0-1: Ball 1-1: Ball 2-1: Ball 3-1: Foul Ball, location: 2F 3-2: Base on Balls
|
|
Batting: RHB Freddy Quintero
|
0-0: Called Strike 0-1: Swinging Strike 0-2: Foul Ball, location: 2F 0-2: Ball 1-2: Foul Ball, location: 2F 1-2: Ball 2-2: SINGLE (Line Drive, 8RS, EV 90.0 MPH) Jordan Robinson to third Zach Chmieleski to second Runner from 3rd tries for Home, SAFE, throw by CF to home
|
|
Batting: SHB Mike Corley
|
0-0: Called Strike 0-1: Ball 1-1: Called Strike 1-2: Fly out, F9 (Line Drive, 89M, EV 92.5 MPH)
|
| Top of the 7th over - 1 run, 2 hits, 0 errors, 2 left on base; West Virginia 2 - Fort Wayne 4 |
| BOTTOM OF THE 7TH |
|
Fort Wayne TinCaps batting - Pitching for West Virginia Power : RHP Justin Smart
|
|
Pitching: LHP Latrell Tisdale
|
|
|
Batting: LHB Hugo MacBeth
|
0-0: Ball 1-0: Ball 2-0: Ground out 6-3 (Groundball, 6, EV 105.0 MPH)
|
|
Batting: RHB Tim Seggerman
|
0-0: Ball 1-0: Ball 2-0: Ball 3-0: Base on Balls
|
|
Batting: LHB Rogelio Nunez
|
0-0: Swinging Strike 0-1: Ball 1-1: Foul Ball, location: 2F 1-2: Ball 2-2: Strikes out swinging
|
|
Batting: RHB Jerry Garcez
|
0-0: Ball 1-0: Ground out 4-3 (Groundball, 4S, EV 66.9 MPH)
|
| Bottom of the 7th over - 0 runs, 0 hits, 0 errors, 1 left on base; West Virginia 2 - Fort Wayne 4 |
| TOP OF THE 8TH |
|
West Virginia Power batting - Pitching for Fort Wayne TinCaps : RHP Eric Fragoso
|
|
Pitching: RHP Dave Waterman
|
|
|
Now at 2B: Brett Steele
|
|
|
Now at 3B: Rich Justice
|
|
|
Batting: RHB Richard Barrios
|
0-0: Called Strike 0-1: Called Strike 0-2: Strikes out swinging
|
|
Batting: LHB Brandon Sarni
|
0-0: Ball 1-0: Foul Ball, location: 2F 1-1: Foul Ball, location: 2F 1-2: Ball 2-2: Ball 3-2: Foul Ball, location: 2F 3-2: Base on Balls
|
|
Batting: RHB Ted Goldblatt
|
0-0: Called Strike 0-1: Called Strike 0-2: Grounds into double play, 4-6-3 (Groundball, 4MS, EV 83.1 MPH)
|
| Top of the 8th over - 0 runs, 0 hits, 0 errors, 0 left on base; West Virginia 2 - Fort Wayne 4 |
| BOTTOM OF THE 8TH |
|
Fort Wayne TinCaps batting - Pitching for West Virginia Power : LHP Latrell Tisdale
|
|
Pitching: RHP Franklin Amaro
|
|
|
Batting: RHB Brett Steele
|
0-0: Foul Ball, location: 2F 0-1: Ball 1-1: Swinging Strike 1-2: Ball 2-2: Fly out, F8 (Flyball, 8LD, EV 85.6 MPH)
|
|
Batting: LHB Jeff Trapp
|
0-0: Ball 1-0: Foul Ball, location: 2F 1-1: Swinging Strike 1-2: Strikes out swinging
|
|
Batting: RHB Dave McBain
|
0-0: Foul Ball, location: 2F 0-1: Swinging Strike 0-2: Strikes out swinging
|
| Bottom of the 8th over - 0 runs, 0 hits, 0 errors, 0 left on base; West Virginia 2 - Fort Wayne 4 |
| TOP OF THE 9TH |
|
West Virginia Power batting - Pitching for Fort Wayne TinCaps : RHP Dave Waterman
|
|
Pitching: RHP Eddie Starks
|
|
|
Batting: LHB Joe Hoover
|
0-0: Ball 1-0: Called Strike 1-1: Called Strike 1-2: Strikes out looking
|
|
Pinch Hitting: LHB Donald Imre
|
0-0: Ball 1-0: Foul Ball, location: 2F 1-1: Foul Ball, location: 2F 1-2: Ball 2-2: Strikes out swinging
|
|
Batting: RHB Mike Velazquez
|
0-0: Ball 1-0: Swinging Strike 1-1: Swinging Strike 1-2: Strikes out swinging
|
| Top of the 9th over - 0 runs, 0 hits, 0 errors, 0 left on base; West Virginia 2 - Fort Wayne 4 |
|